 Dungeon Sprint DCSS version 0.28.0-53-g5a82cb258f (webtiles) character file.

Game seed: 13751127697634444763

91 Zeld the Skirmisher (level 4, -4/41 HPs)
             Began as a Palentonga Fighter on May 30, 2022.
             Was an Initiate of Sif Muna.
             Killed by divine providence
             ... invoked by an oklob sapling priest
              (13 damage)
             ... in the Dungeon (Sprint IV: "Fedhas' Mad Dash").
             The game lasted 00:00:29 (495 turns).

Zeld the Skirmisher (Palentonga Fighter)             Turns: 495, Time: 00:00:29

Health: -4/41      AC:  2    Str: 22    XL:     4   Next: 33%
Magic:  3/4        EV:  8    Int:  8    God:    Sif Muna [......]
Gold:   61         SH:  4    Dex:  9    Spells: 3/3 levels left

rFire   . . .      SeeInvis +   a - +0 war axe
rCold   . . .      Faith    .   c - +0 buckler
rNeg    . . .      Spirit   .   b - +0 scale mail
rPois   .          Reflect  .   (no helmet)
rElec   .          Harm     .   (no cloak)
rCorr   .          Rampage  .   (no gloves)
Will    .....      NoTele   +   (no barding)
Stlth   ..........              k - amulet of invisibility {+Inv}
HPRegen 0.13/turn               (no ring)
MPRegen 0.09/turn               (no ring)

@: corroded, very slightly contaminated, invisible
A: large, rugged brown scales 3, see invisible, deformed body, roll 1, armoured
tail
a: Rolling Charge, Renounce Religion, Evoke Invisibility


You were in the Dungeon.
You worshipped Sif Muna.
Sif Muna was noncommittal.
You visited 1 branch You collected 61 gold pieces.

Inventory:

Hand Weapons
 a - a +0 war axe (weapon)
Armour
 b - a +0 scale mail (worn)
 c - a +0 buckler (worn)
Jewellery
 k - the amulet of invisibility (around neck) {+Inv}
   (You found it in the Dungeon)

   [amulet of nothing]

   +Inv:      It lets you turn invisible.
Scrolls
 j - a scroll of blinking
Potions
 d - a potion of might
 e - a potion of curing
 f - a potion of heal wounds
 g - a potion of haste
 h - 2 potions of magic
 i - a potion of berserk rage


   Skills:
 * Level 5.2 Fighting
 * Level 4.7 Axes
 + Level 3.4 Armour
 + Level 2.1 Dodging
 * Level 4.3 Shields


You had 3 spell levels left.
You didn't know any spells.
Your spell library was empty.

Dungeon Overview and Level Annotations

Branches:
Dungeon (1/1)

Altars:
Cheibriados
Dithmenos
Elyvilon
Gozag
Hepliaklqana
Kikubaaqudgha
Makhleb
Nemelex Xobeh
Okawaru
Qazlal
Ru
Sif Muna
Trog
Uskayaw
Vehumet
Wu Jian
Xom
Yredelemnul
Zin
The Shining One
Beogh
Jiyva
Lugonu

Annotations:
D exclusion: oklob sapling


Innate Abilities, Weirdness & Mutations

You are completely covered in rugged brown scales. (AC +3, +7% HP)
You have supernaturally acute eyesight. (SInv)
Armour fits poorly on your strangely shaped body.
You can roll at nearby foes to attack.
You have a long armoured tail.


Message History

Your magical contamination has completely faded away.
You see here a +0 hand axe.
You open the door.
Found ten altars.
You fail to use your ability.
You fail to use your ability.
You fade into invisibility!
You are very lightly contaminated with residual magic.
You are already invisible!
An oklob sapling priest comes into view.
Found three altars.
Marking area around an oklob sapling priest as unsafe for travelling.
There is an open door here.
Found three altars.
Found two altars.
Found three altars.
Found a radiant altar of Vehumet and a corrupted altar of Lugonu.
There is a burning altar of Makhleb here.
There is a shimmering blue altar of Sif Muna here.
You kneel at the altar of Sif Muna.
Sif Muna welcomes you!
You are already invisible!
Roll where?
Press: ? - help, Dir - move target, f - oklob sapling priest
Aim: an oklob sapling priest (unaware, hasn't noticed you)
You roll forward with a clatter of scales!
You slash the oklob sapling priest!
The oklob sapling priest is moderately damaged.
The oklob sapling priest spits acid at you.
The splash of acid hits you!!
Ouch! That really hurt!
* * * LOW HITPOINT WARNING * * *
The acid corrodes you!
You are too injured to fight recklessly!
You hit the oklob sapling priest but do no damage.
You tail-slap the oklob sapling priest!
The oklob sapling priest is severely damaged.
The oklob sapling priest invokes the aid of its god against you.
Something smites you!
You die...

########################
....#.....#.⌠._._._._.⌠.
....'.#.).'.._._._._._..
....#.#...#..._.@P_._...
########+##.._.°._._._..
#._._._._._.⌠.
##############


You could see an oklob sapling priest.

Vanquished Creatures
  A scorpion (D)
  An oklob sapling (D)
  A river rat (D)
  A rat (D)
4 creatures vanquished.

Notes
Turn   | Place    | Note
-------+----------+-------------------------------------------
     0 | D        | Zeld the Palentonga Fighter began the quest for the Orb.
     0 | D        | Reached XP level 1. HP: 19/19 MP: 1/1
     6 | D        | Reached XP level 2. HP: 25/25 MP: 2/2
   256 | D        | Noticed an oklob sapling
   256 | D        | Noticed a scorpion
   259 | D        | Killed an oklob sapling
   260 | D        | Reached skill level 4 in Fighting
   260 | D        | Reached skill level 1 in Dodging
   260 | D        | Reached XP level 3. HP: 12/33 MP: 3/3
   262 | D        | Killed a scorpion
   263 | D        | Reached skill level 5 in Fighting
   263 | D        | Reached XP level 4. HP: 13/41 MP: 4/4
   265 | D        | Found the amulet of invisibility {+Inv}
   483 | D        | Found an opulent altar of Gozag.
   483 | D        | Found a hazy altar of Hepliaklqana.
   483 | D        | Found a burning altar of Makhleb.
   483 | D        | Found a sparkling altar of Nemelex Xobeh.
   483 | D        | Found a snail-covered altar of Cheibriados.
   483 | D        | Found a sacrificial altar of Ru.
   483 | D        | Found a shimmering blue altar of Sif Muna.
   483 | D        | Found a shimmering altar of Xom.
   483 | D        | Found a basalt altar of Yredelemnul.
   487 | D        | Found a viscous altar of Jiyva.
   487 | D        | Found a bloodstained altar of Trog.
   487 | D        | Found an ornate altar of the Wu Jian Council.
   488 | D        | Found an iron altar of Okawaru.
   488 | D        | Found a shadowy altar of Dithmenos.
   488 | D        | Found a glowing silver altar of Zin.
   489 | D        | Found an ancient bone altar of Kikubaaqudgha.
   489 | D        | Found a hide-covered altar of Uskayaw.
   490 | D        | Found a stormy altar of Qazlal.
   490 | D        | Found a glowing golden altar of the Shining One.
   490 | D        | Found a white marble altar of Elyvilon.
   491 | D        | Found a radiant altar of Vehumet.
   491 | D        | Found a corrupted altar of Lugonu.
   493 | D        | Became a worshipper of Sif Muna the Loreminder
   495 | D        | Killed from afar by an oklob sapling priest

Illustrated notes

Levels and vault maps discovered:
D:        dungeon_sprint_fedhas [sprint_temple]

Skill      XL: |  1  2  3 |
---------------+----------+-----
Shields        | 3 4 |  4.3
Fighting       | 4 5 |  5.2
Axes           | 3 4 |  4.7
Armour         | 3 |  3.4
Dodging        | 1 2 |  2.1

Action                   |  1- 3 |  4- 6 || total
-------------------------+-------+-------++-------
Melee: War axe           |     9 |     2 ||    11
       Tailslap          |     2 |     1 ||     3
 Abil: Rolling Charge    |     1 |     1 ||     2
       Evoke Invisibilit |       |     2 ||     2
Armor: Scale mail        |     3 |       ||     3
Dodge: Dodged            |     1 |       ||     1
Block: Buckler           |     1 |       ||     1
